 Dungeon Crawl Stone Soup version 0.20.2-3-g29329e0561 (webtiles) character file.

1031 Alfie the Cutter (level 8, -1/70 HPs)
             Began as a Hill Orc Fighter on Dec 6, 2023.
             Killed by divine providence
             ... invoked by an orc priest
              (8 damage)
             ... on level 5 of the Dungeon.
             The game lasted 00:09:58 (3020 turns).

Alfie the Cutter (Hill Orc Fighter)                 Turns: 3020, Time: 00:09:59

Health: -1/70      AC: 11    Str: 21    XL:     8   Next: 23%
Magic:  8/8        EV:  6    Int:  8    God:
Gold:   190        SH: 12    Dex: 10    Spells: 7/7 levels left

rFire    . . .     SeeInvis .   a - +2 rapier
rCold    . . .     Gourm    .   c - +2 shield
rNeg     . . .     Faith    .   l - +2 chain mail {rPois}
rPois    +         Spirit   .   (no helmet)
rElec    .         Reflect  .   (no cloak)
rCorr    .         Harm     .   (no gloves)
MR       .....                  (no boots)
Stlth    ..........             (no amulet)
Regen    0.3/turn               (no ring)
MPRegen  0.2/turn               (no ring)

@: no status effects
A: no striking features
a: Convert to Beogh


You were on level 5 of the Dungeon.
You were not hungry.

You visited 1 branch of the dungeon, and saw 5 of its levels.

You collected 190 gold pieces.

Inventory:

Hand Weapons
 a - a +2 rapier (weapon)
Missiles
 i - 8 tomahawks (quivered)
Armour
 c - a +2 shield (worn)
 l - a +2 chain mail of poison resistance (worn)
Jewellery
 b - an uncursed ring of positive energy
 e - a +3 amulet of reflection {unknown}
 g - an uncursed ring of protection from fire
 y - an uncursed ring of flight
 C - a +5 ring of dexterity
Wands
 d - a wand of flame (37/48)
Scrolls
 h - a scroll of recharging
 j - a scroll of amnesia
 o - a scroll of fear {unknown}
 q - a scroll of magic mapping {unknown}
 r - a scroll of immolation {unknown}
 s - a scroll of remove curse
 w - a scroll of teleportation {unknown}
Potions
 m - a potion of cancellation {unknown}
 n - a potion of magic {unknown}
 p - 2 potions of ambrosia {unknown}
 t - a potion of brilliance {unknown}
 u - 2 potions of curing {unknown}
 v - a potion of haste {unknown}
 x - a potion of heal wounds {unknown}
 z - a potion of degeneration {unknown}
 A - a potion of berserk rage
Comestibles
 f - a bread ration
 k - 4 fruits
 B - a meat ration


   Skills:
 + Level 6.0 Fighting
 + Level 6.2 Short Blades
 + Level 0.6 Throwing
 + Level 4.5 Armour
 + Level 0.5 Dodging
 + Level 0.6 Stealth
 + Level 6.1 Shields


You had 7 spell levels left.
You didn't know any spells.

Dungeon Overview and Level Annotations

Branches:
Dungeon (5/15)             Temple (0/1) D:5

Altars:
Kikubaaqudgha
Vehumet
Zin
The Shining One


Message History

The orc priest calls down the wrath of Beogh upon you.
Beogh smites you!
You hit the orc priest but do no damage.
The orc priest shouts, "Surrender to Beogh and we'll let you live!"
You barely miss the orc priest.
The orc priest shouts, "Beogh is our master!
Accept the truth or die!"
You block the orc priest's attack.
The orc priest calls down the wrath of Beogh upon you.
Beogh smites you!
The orc priest begins to cast a cantrip, but forgets the words!
The orc priest invokes the aid of Beogh against you.
Pain shoots through your body!
* * * LOW HITPOINT WARNING * * *
The orc priest mumbles some strange prayers to Beogh against you.
Beogh smites you!
* * * LOW HITPOINT WARNING * * *
The orc priest looks braver for a moment.
The orc priest mumbles some strange prayers to Beogh against you.
Beogh smites you!
You die... #..........# ##.....## #PPP.P#

#..........#
##..(oW## #######
#..........###.†....#
#..........##......##
##..........†......#
##........#......##
###.#######...oh# ###
###..## ##@# #..#
##..# #..# #..# #..#
#..# #..


You could see a phantom, an orc priest, an orc and a jackal.

Vanquished Creatures
  The ghost of Alfie the Covered, an amateur HOFi (D:5)
  Sigmund (D:2)
  An ogre (D:4)
  A scorpion (D:4)
  2 howler monkeys
  A crimson imp (D:4)
  3 orc priests (D:4)
  2 orc wizards (D:4)
  2 bullfrog skeletons (D:4)
  A jelly (D:5)
  An iguana (D:4)
  5 adders
  3 oozes
  A worm (D:4)
  5 dart slugs
  A leopard gecko (D:5)
  5 orcs (D:4)
  3 ball pythons
  4 giant cockroaches
  6 goblins
  11 hobgoblins
  2 jackals (D:4)
  A quokka (D:4)
  9 bats
  2 frilled lizards
  A jackal skeleton (D:4)
  5 kobolds
  7 rats
87 creatures vanquished.

Notes
Turn   | Place    | Note
-------+----------+-------------------------------------------
     0 | D:1      | Alfie the Hill Orc Fighter began the quest for the Orb.
     0 | D:1      | Reached XP level 1. HP: 19/19 MP: 1/1
    20 | D:1      | Reached XP level 2. HP: 14/27 MP: 2/2
   467 | D:1      | Reached XP level 3. HP: 33/33 MP: 3/3
   750 | D:1      | Found a radiant altar of Vehumet.
   781 | D:2      | Noticed Sigmund
   807 | D:2      | Killed Sigmund
   807 | D:2      | Reached XP level 4. HP: 4/41 MP: 4/4
   807 | D:2      | Reached XP level 5. HP: 5/47 MP: 5/5
  1082 | D:2      | Found an ancient bone altar of Kikubaaqudgha.
  1238 | D:2      | Reached skill level 5 in Fighting
  1238 | D:2      | Reached XP level 6. HP: 56/56 MP: 6/6
  1446 | D:2      | Found a glowing golden altar of the Shining One.
  1619 | D:3      | Reached skill level 5 in Shields
  1778 | D:3      | Found a glowing silver altar of Zin.
  2383 | D:4      | Reached XP level 7. HP: 38/61 MP: 7/7
  2557 | D:4      | Reached skill level 5 in Short Blades
  2888 | D:5      | Entered Level 5 of the Dungeon
  2917 | D:5      | Noticed Alfie's ghost (amateur HOFi)
  2953 | D:5      | Killed Alfie's ghost
  2953 | D:5      | Reached XP level 8. HP: 40/70 MP: 8/8
  2989 | D:5      | Found a staircase to the Ecumenical Temple.
  3020 | D:5      | Killed from afar by an orc priest

Skill      XL: |  1  2  3  4  5  6  7 |
---------------+----------------------+-----
Fighting       | 4 5 6 |  6.0
Short Blades   | 3 4 6 |  6.2
Armour         | 4 |  4.5
Shields        | 4 5 6 |  6.1
Throwing       | |  0.6
Dodging        | |  0.5
Stealth        | |  0.6

Action                   |  1- 3 |  4- 6 |  7- 9 || total
-------------------------+-------+-------+-------++-------
Melee: Rapier            |    91 |   193 |   129 ||   413
Throw: Tomahawk          |       |    12 |       ||    12
  Use: Potion            |     1 |     1 |       ||     2
       Scroll            |       |     2 |    11 ||    13
  Eat: Royal jelly       |       |     2 |       ||     2
       Bread ration      |       |     1 |       ||     1
Armor: Chain mail        |    25 |    91 |    42 ||   158
       Scale mail        |     7 |       |       ||     7
Dodge: Dodged            |    13 |    27 |    14 ||    54
Block: Shield            |    46 |    99 |    50 ||   195
